 Dungeon Crawl Stone Soup version 0.31-a0-977-gc230f8ef24 (webtiles) character file.

Game seed: 8743339007743631528

658063 p00ps00p the Conqueror (level 27, -4/273 HPs)
             Began as a Hill Orc Fighter on Oct 29, 2023.
             Was an Initiate of Gozag.
             Killed from afar by an orb of fire (94 damage)
             ... with a fireball
             ... on level 2 of the Realm of Zot on Oct 30, 2023.
             The game lasted 03:14:48 (76432 turns).

p00ps00p the Conqueror (Hill Orc Fighter)          Turns: 76432, Time: 03:14:49

Health: -4/273     AC: 31    Str: 43    XL:     27
Magic:  23/23      EV: 14    Int: 11    God:    Gozag
Gold:   3226       SH: 19    Dex: 11    Spells: 26/26 levels left

rFire   . . .        w - +11 broad axe "Qanud" {spect, rPois rN+ Str+4 Dex-2}
rCold   . . .        M - +3 warlock's mirror {omnireflect}
rNeg    + . .        H - +2 shadow dragon scales
rPois   +            x - +2 helmet
rElec   .            N - +0 cloak "Qys Vial" {Dex+3 Slay+3}
rCorr   .            d - +0 pair of gloves
SInv    .            c - +2 pair of slick slippers {slick, slippery, EV+4}
Will    ++...        j - amulet of Aneplios {Reflect rPois Int+3 SH+5}
Stlth   +++          V - ring of flight
HPRegen 0.00/turn    b - +6 ring of strength
MPRegen 0.18/turn

%: random rage (3%), reflection
@: flying, inhibited regen, studying Poison Magic
A: berserk 1, deformed body, inhibited regeneration, no potion heal 1, inability
to drink after injury 1, inability to read after injury 1
}: 4/15 runes: barnacled, silver, abyssal, gossamer
a: Renounce Religion, Potion Petition, Call Merchant, Bribe Branch


You were on level 2 of the Realm of Zot.
You worshipped Gozag.
Gozag was most pleased with you.
You visited 11 branches of the dungeon, and saw 46 of its levels.
You visited the Abyss 6 times.
You also visited: Volcano.

You collected 38238 gold pieces.
You spent 11339 gold pieces at shops.
You paid 23673 gold pieces to Gozag.

Inventory:

Hand Weapons
 a - a +5 vampiric war axe
 p - a +9 broad axe of electrocution
 w - the +11 broad axe "Qanud" (weapon) {spect, rPois rN+ Str+4 Dex-2}
   (You acquired it on level 10 of the Dungeon)

   Str+4:     It affects your strength (+4).
   Dex-2:     It affects your dexterity (-2).
   rPois:     It protects you from poison rN+: It protects you from negative
   energy.
 B - a +0 broad axe of venom
 L - a +1 broad axe of flaming
Armour
 c - the +2 pair of slick slippers (worn) {slick, slippery, EV+4}
   (You found it on level 5 of the Lair of Beasts)

   Slick:     Its wearer cannot be constricted, engulfed, netted or webbed.
   Slippery:  Its wearer slips away from damaging melee attacks, pulling the
   attacker onward.
   EV+4:      It affects your evasion (+4).
 d - a +0 pair of gloves (worn)
 l - the +1 cloak of Douwaero {rN++ Str+4 Int-4}
   (You bought it in a shop on level 3 of the Depths)

   Str+4:     It affects your strength (+4).
   Int-4:     It affects your intelligence (-4).
   rN++:      It greatly protects you from negative energy.
 x - a +2 helmet (worn)
 G - +11 gold dragon scales
 H - +2 shadow dragon scales (worn)
 M - the +3 warlock's mirror (worn) {omnireflect}
   (You bought it in a shop on level 1 of the Orcish Mines)

   Omnireflect: It can block and reflect piercing ranged attacks and magical
   attacks against the wielder's willpower.
 N - the +0 cloak "Qys Vial" (worn) {Dex+3 Slay+3}
   (You bought it in a shop on level 1 of the Orcish Mines)

   Dex+3:     It affects your dexterity (+3).
   Slay+3:    It affects your accuracy & damage with ranged weapons and melee
   (+3).
Jewellery
 b - a +6 ring of strength (right hand)
 j - the amulet of Aneplios (around neck) {Reflect rPois Int+3 SH+5}
   (You bought it in a shop on level 4 of the Shoals)

   [amulet of reflection]

   Reflect:   It reflects blocked missile attacks.
   Int+3:     It affects your intelligence (+3).
   rPois:     It protects you from poison SH+5: It affects your SH (+5).
 P - a ring of positive energy
 R - an amulet of the acrobat
 V - a ring of flight (left hand)
Wands
 g - a wand of digging (21)
 n - a wand of flame (101)
 s - a wand of mindburst (44)
 v - a wand of charming (25)
 y - a wand of polymorph (16)
 S - a wand of light (30)
 Y - a wand of iceblast (13)
Scrolls
 e - 18 scrolls of teleportation
 A - 7 scrolls of blinking
 J - 4 scrolls of fog
 T - 4 scrolls of butterflies
 W - 3 scrolls of revelation
 X - 4 scrolls of poison
 Z - 11 scrolls of fear
Potions
 f - 12 potions of brilliance
 h - 5 potions of enlightenment
 i - 5 potions of heal wounds
 k - 7 potions of cancellation
 o - 2 potions of magic
 r - 18 potions of curing
 t - 5 potions of ambrosia
 z - 2 potions of berserk rage
 C - 3 potions of resistance
 D - 3 potions of mutation
 E - 2 potions of invisibility
 F - 10 potions of haste
 I - 2 potions of lignification
 O - 11 potions of might
Miscellaneous
 m - a phantom mirror
 q - a condenser vane
 u - a box of beasts
 K - a lightning rod (4/4)
 Q - the horn of Geryon


   Skills:
 O Level 27 Fighting
 O Level 27 Axes
 O Level 27 Armour
 + Level 4.0 Stealth
 O Level 27 Shields
 - Level 21.4 Evocations


You had 26 spell levels left.
You didn't know any spells.
Your spell library contained the following spells:

 Spells                   Type           Power      Damage    Failure   Level
 Apportation              Tloc           0%         N/A       50%         1
 Freeze                   Ice            0%         1d3       50%         1
 Kiss of Death            Conj/Necr      0%         2d5       50%         1
 Necrotise                Necr           0%         1d4       50%         1
 Sandblast                Erth           0%         2d4       50%         1
 Summon Small Mammal      Summ           0%         N/A       50%         1
 Blink                    Tloc           0%         N/A       65%         2
 Cigotuvi's Dreadful Rot  Necr/Pois/Air  0%         N/A       65%         2
 Ensorcelled Hibernation  Hex/Ice        0%         N/A       65%         2
 Jinxbite                 Hex            0%         N/A       65%         2
 Lesser Beckoning         Tloc           0%         N/A       65%         2
 Momentum Strike          Conj/Tloc      0%         3d8       65%         2
 Passwall                 Tmut/Erth      0%         N/A       65%         2
 Poisonous Vapours        Pois/Air       0%         N/A       65%         2
 Static Discharge         Conj/Air       0%         3-3/arc   65%         2
 Wereblood                Tmut           0%         N/A       65%         2
 Call Canine Familiar     Summ           0%         N/A       86%         3
 Confusing Touch          Hex            0%         N/A       86%         3
 Dazzling Flash           Conj/Hex       0%         N/A       86%         3
 Frozen Ramparts          Ice            0%         1d1       86%         3
 Gell's Gravitas          Tloc           0%         N/A       86%         3
 Hailstorm                Conj/Ice       0%         3d3       86%         3
 Ignite Poison            Fire/Tmut/Pois 0%         N/A       86%         3
 Inner Flame              Hex/Fire       0%         N/A       86%         3
 Mephitic Cloud           Conj/Pois/Air  0%         N/A       86%         3
 Ozocubu's Armour         Ice            0%         N/A       86%         3
 Swiftness                Air            0%         N/A       86%         3
 Teleport Other           Tloc           0%         N/A       86%         3
 Tukima's Dance           Hex            0%         N/A       86%         3
 Vampiric Draining        Necr           0%         2d6       86%         3
 Volatile Blastmotes      Fire/Tloc      0%         2d10      86%         3
 Airstrike                Air            0%         2d(0-16)  99%         4
 Anguish                  Hex/Necr       0%         N/A       99%         4
 Cause Fear               Hex            0%         N/A       99%         4
 Dispel Undead            Necr           0%         3d6       99%         4
 Flame Wave               Conj/Fire      0%         2d4       99%         4
 Fulminant Prism          Conj/Hex       0%         3d5       99%         4
 Iskenderun's Mystic Bla  Conj/Tloc      0%         2d3       99%         4
 Leda's Liquefaction      Hex/Erth       0%         N/A       99%         4
 Manifold Assault         Tloc           0%         N/A       99%         4
 Olgreb's Toxic Radiance  Pois           0%         N/A       99%         4
 Passage of Golubria      Tloc           0%         N/A       99%         4
 Sticky Flame             Conj/Fire      0%         2d3       99%         4
 Summon Ice Beast         Ice/Summ       0%         N/A       99%         4
 Summon Lightning Spire   Summ/Air       0%         N/A       99%         4
 Vhi's Electric Charge    Tloc/Air       0%         N/A       99%         4
 Agony                    Necr           0%         N/A       100%        5
 Alistair's Intoxication  Tmut/Pois      0%         N/A       100%        5
 Arcjolt                  Conj/Air       0%         1d10      100%        5
 Freezing Cloud           Conj/Ice/Air   0%         6-21      100%        5
 Irradiate                Conj/Tmut      0%         3d11      100%        5
 Iskenderun's Battlesphe  Conj           0%         2d6       100%        5
 Lee's Rapid Deconstruct  Erth           0%         3d4*      100%        5
 Metabolic Englaciation   Hex/Ice        0%         N/A       100%        5
 Silence                  Hex/Air        0%         N/A       100%        5
 Summon Forest            Summ/Tloc      0%         N/A       100%        5
 Summon Mana Viper        Hex/Summ       0%         N/A       100%        5
 Yara's Violent Unravell  Hex/Tmut       0%         3d3       100%        5
 Bombard                  Conj/Erth      0%         9d1       100%        6
 Conjure Ball Lightning   Conj/Air       0%         3x3d6     100%        6
 Dispersal                Tloc           0%         N/A       100%        6
 Plasma Beam              Fire/Air       0%         2x1d10    100%        6
 Starburst                Conj/Fire      0%         6d3       100%        6
 Summon Cactus Giant      Summ           0%         N/A       100%        6
 Enfeeble                 Hex            0%         N/A       100%        7
 Malign Gateway           Summ/Tloc      0%         N/A       100%        7
 Ozocubu's Refrigeration  Ice            0%         4d7       100%        7
 Spellforged Servitor     Conj/Summ      0%         N/A       100%        7
 Discord                  Hex            0%         N/A       100%        8
 Disjunction              Tloc           0%         N/A       100%        8
 Ignition                 Fire           0%         3d3       100%        8
 Lehudib's Crystal Spear  Conj/Erth      0%         10d2      100%        8
 Maxwell's Capacitive Co  Air            0%         ∞         100%        8
 Summon Horrible Things   Summ           0%         N/A       100%        8
 Chain Lightning          Conj/Air       0%         N/A       100%        9
 Fire Storm               Conj/Fire      0%         5d1       100%        9
 Shatter                  Erth           0%         3d5*      100%        9
 Simulacrum               Ice/Necr       Unusable   N/A       N/A         6

Dungeon Overview and Level Annotations

Branches:
Dungeon (15/15)            Temple (1/1) D:6            Lair (5/5) D:10
 Shoals (4/4) Lair:2       Spider (4/4) Lair:3        Slime (0/5) Lair:5
    Orc (2/2) D:12            Elf (3/3) Orc:2        Vaults (5/5) D:14
  Crypt (0/3) Vaults:2     Depths (4/4) D:15           Hell (visited)
    Dis (0/7) Hell            Geh (0/7) Hell            Coc (0/7) Hell
    Tar (0/7) Hell            Zot (2/5) Depths:4    Volcano (visited)

Altars:
Ashenzari
Cheibriados
Dithmenos
Elyvilon
Fedhas
Gozag
Hepliaklqana
Kikubaaqudgha
Makhleb
Nemelex Xobeh
Okawaru
Qazlal
Ru
Sif Muna
Trog
Uskayaw
Vehumet
Wu Jian
Xom
Yredelemnul
Zin
The Shining One
Beogh
Jiyva

Shops:
D:1 (   D:6 *   D:12 ?:   D:13 ?   Orc:1 [   Orc:2 [*(:   Elf:1 :   Elf:2 ??
Shoals:1 *   Shoals:4 *   Vaults:3 **(   Vaults:4 **   Depths:1 ?[?
Depths:2 =   Depths:3 [   Depths:4 ??[

Portals:
Hell: Depths:1 Depths:2 Depths:3 Depths:4
Abyss: Depths:1 Depths:3
Pandemonium: Depths:1 Depths:2 Depths:4
Ziggurat: Depths:2
Trove: Depths:1 (give +3 shadow dragon scales)

Annotations:
D:4 1 runed translucent door, Gormless's ghost, novice OgSh


Innate Abilities, Weirdness & Mutations

You sometimes lose your temper in combat.
Armour fits poorly on your strangely shaped body.
You do not regenerate when monsters are visible.
Potions are less effective at restoring your health.
You occasionally lose the ability to drink potions when taking damage.
You occasionally lose the ability to read scrolls when taking damage.


Message History

Unknown command.
You slice the orb of fire!!
The orb of fire is almost destroyed.
The orb of fire glows red.
The fireball explodes!
The fireball engulfs you!!!
The fireball engulfs the orb of fire.
The orb of fire completely resists.
Unknown command.
You slash the orb of fire!
You destroy the orb of fire!
Your Stealth skill increases to level 4!
Unknown command.
You now have 3226 gold pieces (gained 4).
An orb of fire comes into view.
An orb of fire is nearby!
An orb of fire is nearby!
An orb of fire is nearby!
You are too injured to fight recklessly!
You are too injured to fight recklessly!
Unknown command.
There is a stone staircase leading up here.
You fly upwards.
There is a stone staircase leading down here.
You start resting.
HP restored.
You fly downwards.
There is a stone staircase leading up here.
There is a stone staircase leading down here.
The orb of fire glows yellow.
The bolt of fire hits you!!!
The orb of fire glows deep purple.
The fireball explodes!
The fireball engulfs you!!!
The orb of fire glows red.
Your +3 warlock's mirror {omnireflect} blocks the Malmutate... and reflects it back!
The orb of fire is unaffected.
The orb of fire glows deep purple.
The bolt of fire hits you!!!
The orb of fire glows yellow.
The fireball explodes!
The fireball engulfs you!!!!
You die...
Your body crumbles into a pile of gold.

...
#...#...........##..
...#...#.#######...#...
..##....# ##.....#
#.#..).#### ##....#
#.........######....#
#...................
#.......>...<.......
##...................
#...@####...........[
#....# #............
#..*..# #...........##
#.................####
..................##
...........>.....##
.......... ..#
..##.......


You could see an orb of fire.

Vanquished Creatures
  An orb of fire (Zot:2)
  Mennas (Vaults:3)
  3 ancient liches
  A juggernaut (Depths:3)
  Boris (twice) (Vaults:4 Depths:2)
  Parghit (Depths:3)
  4 caustic shrikes (Depths:4)
  8 golden dragons
  Geryon (Hell)
  The ghost of Ruxt the Slayer, an adept MiFi of Qazlal (Vaults:1)
  the Enchantress (Depths:1)
  Norris (Elf:1)
  A profane servitor (Abyss:3)
  12 bone dragons
  Arachne (Spider:3)
  2 hellephants (Abyss:3)
  A shard shrike skeleton (Abyss:3)
  Zenata (Vaults:1)
  A Hell Sentinel (Abyss:1)
  Mlioglotl (Spider:3)
  12 tentacled monstrosities
  2 deep elf blademasters
  2 deep elf master archers (Elf:3)
  Asterion (Depths:2)
  7 liches
  2 walking divine tomes
  3 Executioners
  5 searing wretches (Hell)
  A quicksilver dragon (Vaults:5)
  8 sphinxes
  5 titans
  3 acid blobs (Vaults:1)
  6 ancient champions (Hell)
  Frances (Shoals:1)
  Gastronok (Lair:3)
  44 tentacled starspawn
  A death cob (Zot:1)
  Aizul (Shoals:1)
  Agnes (Elf:2)
  3 storm dragons
  8 shadow dragons
  Roxanne (Shoals:1)
  A thorn hunter (Abyss:3)
  6 draconian monks
  5 tengu reavers
  A nagaraja (Abyss:3)
  A demonspawn warmonger (Abyss:3)
  A daeva (Abyss:3)
  4 narguns (Depths:2)
  11 frost giants
  Louise (Elf:2)
  8 deep elf sorcerers
  2 draconian scorchers
  9 fire giants
  15 vault wardens
  4 deep elf elementalists
  3 iron dragons
  3 emperor scorpions (Spider:4)
  5 ghost moths
  3 balrugs
  3 draconian shifters
  2 orc warlords (Orc:1)
  A cacodemon (Abyss:3)
  3 reapers
  5 war gargoyles
  A draconian stormcaller (Zot:1)
  27 ironbound preservers
  7 ironbound thunderhulks
  A demonspawn corrupter (Abyss:3)
  3 spriggan defenders (Depths:1)
  A broodmother (Spider:1)
  A juggernaut skeleton (Depths:3)
  An ophan (Abyss:3)
  A formless jellyfish (shapeshifter) (Depths:2)
  2 quicksilver oozes (Vaults:1)
  A draconian annihilator (Abyss:2)
  14 stone giants
  3 black draconians
  6 vampire knights
  2 formless jellyfish
  30 very ugly things
  5 green draconians
  6 deep elf demonologists
  Azrael (D:13)
  4 lorocyprocas
  3 red draconians
  8 yellow draconians
  11 dire elephants
  2 purple draconians
  2 spark wasps
  4 blizzard demons
  9 deep elf annihilators
  2 eidola (Abyss:3)
  2 white draconians
  13 ettins
  9 deep elf death magi
  4 merfolk javelineers
  4 crystal guardians
  17 yaktaur captains
  5 entropy weavers
  A green death (Abyss:3)
  9 merfolk impalers
  5 fire dragons
  10 great orbs of eyes
  7 ice dragons
  9 deep elf high priests
  A sphinx zombie (Depths:3)
  9 rakshasas
  4 peacekeepers
  2 jorogumos (Spider:3)
  2 spriggan zombies (Abyss:3)
  A spriggan skeleton (Abyss:1)
  4 ironbound frosthearts
  Harold (Lair:1)
  6 hydras
  4 juggernaut simulacra
  28 vault guards
  16 centaur warriors
  A spriggan air mage (Depths:1)
  2 two-headed ogres (D:11)
  An alligator snapping turtle (Shoals:3)
  2 ogre magi (Vaults:5)
  Erica (D:12)
  34 dancing weapons
  4 merfolk avatars
  10 boulder beetles
  4 death yaks (Lair:2)
  4 tengu warriors
  A radroach (Spider:3)
  4 deep troll shamans
  6 merfolk aquamancers
  5 deep troll earth magi
  A stoker (Hell)
  A satyr (Shoals:4)
  11 demonic crawlers
  8 hell hogs
  An occultist (Elf:1)
  5 orc high priests (Orc:2)
  2 vampire magi
  35 thrashing horrors
  5 soul eaters
  22 hell knights
  20 deep elf knights
  6 spriggan berserkers
  The ghost of Gormless the Gouger, a journeyman FeDe of Gozag (D:11)
  11 sun demons
  4 skysharks
  10 sixfirhies
  35 wretched stars
  6 pharaoh ants
  6 iron trolls
  4 spatial maelstroms (Abyss:3)
  A death drake (Abyss:1)
  2 sun moths
  2 spectral death yaks (Lair:5)
  3 shadow wraiths
  6 glowing orange brains
  12 sea snakes
  An anaconda zombie (Hell)
  12 orb spiders
  An obsidian statue (Lair:5)
  4 shadow demons
  A spectral anaconda (Lair:5)
  55 deep trolls
  5 flayed ghosts
  21 ironbound convokers
  A shadow dragon zombie (Depths:2)
  3 phantasmal warriors
  7 arcanists
  5 orc knights
  A lindwurm (shapeshifter) (Elf:1)
  10 lindwurms
  4 mana vipers (shapeshifter)
  165 starcursed masses
  A tengu zombie (Depths:2)
  35 deep elf zephyrmancers
  15 necromancers
  2 tengu skeletons (Depths:2)
  A mana viper (Abyss:3)
  33 harpies
  9 orc sorcerers
  28 deep elf pyromancers
  10 deep elf archers
  12 fauns
  2 stone giant zombies
  8 manticores
  58 ugly things
  4 will-o-the-wisps
  15 wolf spiders
  A shining eye (Vaults:1)
  5 cyclopes
  13 moths of wrath
  A frost giant zombie (Depths:2)
  12 worldbinders
  21 elephants
  19 vault sentinels
  A dire elephant zombie (Lair:5)
  A stone giant skeleton (Vaults:3)
  11 merfolk sirens
  A fire giant skeleton (Depths:2)
  2 guardian serpents (Abyss:3)
  5 apocalypse crabs (Abyss:3)
  4 water nymphs
  4 black mambas
  An iron dragon skeleton (Abyss:3)
  A cane toad (shapeshifter) (Abyss:2)
  16 rust devils
  30 smoke demons
  A dire elephant skeleton (Lair:5)
  A titan simulacrum (Abyss:3)
  2 eyes of devastation
  A centaur skeleton (Abyss:1)
  8 orange demons
  A gargoyle (D:10)
  Maggie (D:8)
  15 cane toads
  2 torpor snails
  A storm dragon simulacrum (Depths:2)
  A catoblepas zombie (Abyss:2)
  A hellion (Abyss:1)
  37 yaktaurs
  5 rime drakes
  2 unseen horrors (Abyss:3)
  3 efreet
  8 komodo dragons
  26 ancient zymes
  6 freezing wraiths
  11 ice devils
  A red devil (Hell)
  An anaconda simulacrum (Hell)
  A sea snake zombie (Hell)
  A human skeleton (Vaults:3)
  2 tormentors
  A hydra zombie (Hell)
  A queen bee (shapeshifter) (D:14)
  3 silent spectres
  2 harpy zombies (Abyss:3)
  28 merfolk
  5 trolls
  6 hornets
  A harpy skeleton (Abyss:3)
  10 blink frogs
  9 meliai
  16 tarantellas
  10 wind drakes
  A shadow dragon simulacrum (Depths:3)
  5 polar bears
  A glass eye (Depths:1)
  12 hellwings
  4 hydra skeletons
  64 raiju
  7 dream sheep
  10 snapping turtles
  20 jumping spiders
  2 flying skulls (Abyss:2)
  A culicivora (shapeshifter) (D:14)
  Sigmund (D:6)
  20 culicivoras
  3 vampires
  5 air elementals
  26 slime creatures
  4 spriggans (Depths:1)
  8 water elementals
  18 ynoxinuls
  73 large abominations
  6 wyverns
  6 shadows
  2 dire elephant simulacra
  A fire bat (shapeshifter) (Vaults:5)
  8 fire bats
  5 golden eyes (Abyss:2)
  A wraith (Abyss:2)
  42 yaks
  5 fire elementals
  3 vampire mosquitoes (D:12)
  7 basilisks
  24 chaos spawn
  A basilisk (shapeshifter) (D:14)
  49 redbacks
  2 spectral cane toads (Lair:5)
  2 steam dragons (D:8)
  24 neqoxecs
  8 spatial vortices (Abyss:3)
  A warg (Orc:2)
  A warg (shapeshifter) (Elf:2)
  2 death yak simulacra (Lair:5)
  15 water moccasins
  7 acid dragons
  A harpy simulacrum (Abyss:1)
  An entropy weaver zombie (Vaults:3)
  A hydra simulacrum (Hell)
  10 hell hounds
  An ice beast (shapeshifter) (D:15)
  2 ettin simulacra (Abyss:2)
  38 orc warriors
  5 black bears
  3 elephant zombies (Lair:5)
  2 boggarts (Elf:1)
  9 ogres
  4 sky beasts
  A tengu (shapeshifter) (Abyss:3)
  A wolf (shapeshifter) (Vaults:5)
  9 wolves (Lair:2)
  An elephant skeleton (Lair:5)
  9 centaurs
  A kobold brigand (D:9)
  3 scorpions
  10 bullfrogs
  3 cane toad simulacra (Lair:5)
  5 earth elementals
  A gnoll sergeant (D:9)
  79 small abominations
  5 wights (Abyss:3)
  3 elephant simulacra (Lair:5)
  8 killer bees
  5 electric eels
  2 howler monkeys
  8 lava snakes (Volcano)
  2 crimson imps
  7 quasits
  A hound (shapeshifter) (Vaults:5)
  5 hounds
  5 iron imps
  A gnoll bouda (D:5)
  19 orc priests
  7 jellies
  2 iguanas
  27 orc wizards
  2 hell rats (Lair:1)
  9 adders
  11 gnolls
  9 river rats (Lair:1)
  3 shadow imps (D:7)
  12 white imps
  20 ufetubi
  A worm (D:6)
  3 dart slugs
  66 orcs
  6 endoplasms
  4 giant cockroaches
  8 goblins
  4 hobgoblins
  4 quokkas
  6 ball pythons
  9 bats
  5 frilled lizards
  11 kobolds
  13 rats
  A creeping inferno (Hell)
  2 fire vortices (Hell)
  2 lurking horrors (Abyss:3)
  5 spectral weapons
  45 starspawn tentacles
2874 creatures vanquished.

Vanquished Creatures (collateral kills)
  A tentacled starspawn (Abyss:3)
  A very ugly thing (Abyss:3)
  2 thrashing horrors (Abyss:3)
  A spatial maelstrom (Abyss:3)
  A wretched star (Abyss:3)
  An ancient zyme (Abyss:3)
  6 raiju
  A small abomination (Abyss:2)
  2 flying skulls (Abyss:2)
  A ynoxinul (Abyss:3)
  A chaos spawn (Abyss:3)
  A neqoxec (Abyss:3)
  An ice beast (Abyss:2)
  A starcursed mass (Abyss:3)
  A white imp (Abyss:3)
  2 lurking horrors
  2 starspawn tentacles (Abyss:3)
26 creatures vanquished.

Vanquished Creatures (others)
  Nikola (Elf:1)
  A tentacled monstrosity (Vaults:5)
  A deep elf knight (Elf:1)
  A deep elf archer (Elf:1)
  2 deep elf pyromancers
  A deep elf zephyrmancer (Elf:1)
  An air elemental (Elf:3)
  A redback (Spider:1)
  2 large abominations (Abyss:3)
  A centaur (Volcano)
  2 small abominations (Abyss:3)
  16 foxfires
  4 lurking horrors
  80 spectral weapons
  56 starspawn tentacles
170 creatures vanquished.

Grand Total: 3070 creatures vanquished

Notes
Turn   | Place    | Note
-------+----------+-------------------------------------------
     0 | D:1      | p00ps00p the Hill Orc Fighter began the quest for the Orb.
     0 | D:1      | Reached XP level 1. HP: 19/19 MP: 1/1
   229 | D:1      | Reached XP level 2. HP: 24/27 MP: 2/2
   456 | D:1      | Found Cuem's Antique Weapon Boutique.
   811 | D:2      | Reached XP level 3. HP: 33/33 MP: 3/3
  1266 | D:2      | Reached XP level 4. HP: 41/41 MP: 4/4
  2236 | D:4      | Reached XP level 5. HP: 47/47 MP: 5/5
  2279 | D:4      | Noticed Gormless's ghost (novice OgSh)
  2308 | D:4      | Found a runed translucent door.
  2742 | D:5      | Identified the of Vuxuf
  2742 | D:5      | Entered Level 5 of the Dungeon
  2814 | D:5      | Reached skill level 5 in Fighting
  2814 | D:5      | Reached XP level 6. HP: 45/56 MP: 6/6
  3196 | D:5      | Reached skill level 5 in Axes
  3233 | D:5      | Reached skill level 5 in Armour
  3233 | D:5      | Reached skill level 5 in Shields
  3233 | D:5      | Reached XP level 7. HP: 44/61 MP: 7/7
  4445 | D:5      | Reached XP level 8. HP: 43/71 MP: 8/8
  4598 | D:6      | Found Rapsed's General Store.
  4823 | D:6      | Found a staircase to the Ecumenical Temple.
  4839 | Temple   | Entered the Ecumenical Temple
  4991 | D:6      | Noticed Sigmund
  4996 | D:6      | Killed Sigmund
  5763 | D:6      | Reached XP level 9. HP: 12/80 MP: 9/9
  6325 | Temple   | Became a worshipper of Gozag Ym Sagoz the Greedy
  6429 | D:6      | Bought a +0 pair of gloves for 67 gold pieces
  6672 | D:7      | Found a shimmering blue altar of Sif Muna.
  6675 | D:7      | Found a radiant altar of Vehumet.
  6675 | D:7      | Found a burning altar of Makhleb.
  6677 | D:7      | Found a glowing silver altar of Zin.
  6678 | D:7      | Found an ancient bone altar of Kikubaaqudgha.
  7667 | D:8      | Noticed a troll
  7698 | D:7      | Killed a troll
  8066 | D:8      | Reached XP level 10. HP: 89/91 MP: 10/10
  8153 | D:8      | Noticed a cyclops
  8174 | D:8      | Killed a cyclops
  9001 | D:8      | Noticed Maggie
  9015 | D:8      | Killed Maggie
  9016 | D:8      | Reached skill level 10 in Axes
 10012 | D:9      | Reached skill level 10 in Fighting
 10556 | D:10     | Identified the "Tifruisa"
 10556 | D:10     | Entered Level 10 of the Dungeon
 10572 | D:10     | Reached XP level 11. HP: 97/101 MP: 11/11
 11437 | D:10     | Reached skill level 10 in Armour
 11459 | D:10     | Found a staircase to the Lair.
 11488 | D:10     | Reached skill level 10 in Shields
 12052 | D:10     | Identified a scroll of acquirement
 12052 | D:10     | Acquired the +11 broad axe "Qanud" {spect, rPois rN+ Str+4
                  | Dex-2}
 12235 | D:11     | Found a transporter.
 12244 | D:11     | Found a transporter.
 12245 | D:11     | Noticed a two-headed ogre
 12247 | D:11     | Noticed a tengu warrior
 12402 | D:11     | Noticed Gormless's ghost (journeyman FeDe)
 12459 | D:11     | Noticed a two-headed ogre
 12459 | D:11     | Noticed a moth of wrath
 12574 | D:11     | Found a bloodstained altar of Trog.
 12737 | D:11     | Noticed a boulder beetle
 12746 | D:11     | Killed a boulder beetle
 13028 | D:12     | Found a staircase to the Orcish Mines.
 13394 | D:12     | Noticed a manticore
 13401 | D:12     | Killed a manticore
 13402 | D:12     | Reached XP level 12. HP: 81/112 MP: 12/12
 13678 | D:12     | Found an ornate altar of the Wu Jian Council.
 13920 | Orc:1    | Entered Level 1 of the Orcish Mines
 13921 | Orc:1    | Noticed Erica
 13931 | D:12     | Killed Erica
 14091 | D:12     | Bought a scroll of enchant weapon for 90 gold pieces
 14228 | Orc:2    | Entered Level 2 of the Orcish Mines
 14229 | Orc:2    | Noticed an orc high priest
 14232 | Orc:2    | Noticed an orc warlord
 14427 | Orc:2    | Found a staircase to the Elven Halls.
 14446 | Orc:2    | Paralysed by an orc sorcerer for 3 turns
 14649 | Orc:1    | Found a roughly hewn altar of Beogh.
 14706 | Orc:1    | Found a roughly hewn altar of Beogh.
 15248 | Orc:1    | Killed an orc warlord
 15586 | Orc:2    | Killed an orc high priest
 16046 | Orc:2    | Noticed an orc high priest
 16284 | Orc:2    | Killed an orc high priest
 16302 | Orc:2    | Noticed an orc warlord
 16549 | Orc:1    | Killed an orc warlord
 16550 | Orc:1    | Reached XP level 13. HP: 34/122 MP: 13/13
 17587 | Orc:2    | Found Nofuivol's General Store.
 17588 | Orc:2    | Found Vummam's Book Shoppe.
 17590 | Orc:2    | Found Efrus's Antique Armour Emporium.
 17590 | Orc:2    | Found Xurujyu's Antique Weapon Emporium.
 18010 | Lair:1   | Entered Level 1 of the Lair of Beasts
 18010 | Lair:1   | Noticed Harold
 18029 | Lair:1   | Killed Harold
 18206 | Lair:1   | Found an ancient bone altar of Kikubaaqudgha.
 18477 | Lair:1   | Identified the +4 great sword "Taetwem" {drain, rF+ Int+3}
 18884 | Lair:1   | Reached skill level 15 in Axes
 19176 | Lair:2   | Found a dark tunnel.
 19656 | Volcano  | Entered a volcano
 19727 | Volcano  | Reached XP level 14. HP: 133/133 MP: 14/14
 20024 | Volcano  | Found a radiant altar of Vehumet.
 20047 | Volcano  | Found a burning altar of Makhleb.
 20340 | Orc:1    | Bought the +3 warlock's mirror {omnireflect} for 1280 gold
                  | pieces
 20340 | Orc:1    | Found the +3 warlock's mirror {omnireflect}
 20340 | Orc:1    | Bought a distressingly furry cloak for 304 gold pieces
 20340 | Orc:1    | Identified the +0 cloak "Qys Vial" {Dex+3 Slay+3} (You
                  | bought it in a shop on level 1 of the Orcish Mines)
 20578 | Lair:2   | Found a staircase to the Shoals.
 20977 | Lair:3   | Reached skill level 15 in Fighting
 21460 | Lair:3   | Found a hole to the Spider Nest.
 21531 | Lair:3   | Found a frozen archway.
 21587 | Lair:3   | Noticed Gastronok
 21594 | Lair:3   | Killed Gastronok
 22649 | Lair:4   | Upgraded the game from 0.31-a0-971-g75a2e9a4b4 to
                  | 0.31-a0-977-gc230f8ef24
 22894 | Lair:5   | Entered Level 5 of the Lair of Beasts
 22981 | Lair:5   | Found the +2 pair of slick slippers {slick, slippery, EV+4}
 22981 | Lair:5   | Noticed a dire elephant
 23587 | Lair:5   | Reached XP level 15. HP: 142/143 MP: 15/15
 23601 | Lair:5   | Found a staircase to the Slime Pits.
 24156 | Lair:5   | Reached skill level 15 in Shields
 24160 | Lair:5   | Reached skill level 15 in Armour
 25023 | Orc:1    | Bought an ancient plate armour for 896 gold pieces
 25023 | Orc:1    | Identified the +10 plate armour of Eternal Vigilance
                  | {rElec} (You bought it in a shop on level 1 of the Orcish
                  | Mines)
 25250 | Shoals:1 | Entered Level 1 of the Shoals
 25260 | Shoals:1 | Noticed Frances
 25268 | Shoals:1 | Killed Frances
 25499 | Shoals:1 | Noticed Roxanne
 25522 | Shoals:1 | Killed Roxanne
 25569 | Shoals:1 | Identified the serpent talisman of Plog {+Blink}
 25569 | Shoals:1 | Noticed Aizul
 25584 | Shoals:1 | Killed Aizul
 26339 | Shoals:2 | Identified the +4 sling "Louz Bus" {freeze, Stlth+}
 26635 | Shoals:2 | Reached XP level 16. HP: 132/155 MP: 14/16
 27256 | Shoals:3 | Acquired a manual of Fighting
 27487 | Shoals:3 | Reached XP level 17. HP: 163/163 MP: 17/17
 27895 | Shoals:4 | Identified the "Sutysch"
 27895 | Shoals:4 | Entered Level 4 of the Shoals
 28169 | Shoals:4 | Bought a scintillating bronze amulet for 150 gold pieces
 28169 | Shoals:4 | Identified the amulet of Aneplios {Reflect rPois Int+3
                  | SH+5} (You bought it in a shop on level 4 of the Shoals)
 28327 | Shoals:4 | Got a barnacled rune of Zot
 29118 | Shoals:4 | Reached XP level 18. HP: 176/176 MP: 18/18
 29437 | Orc:2    | Bought a broad axe for 120 gold pieces
 29675 | Spider:1 | Entered Level 1 of the Spider Nest
 31725 | Spider:3 | Noticed Arachne
 31735 | Spider:3 | Killed Arachne
 32221 | Spider:3 | Noticed Mlioglotl
 32232 | Spider:3 | Killed Mlioglotl
 32265 | Spider:3 | Identified the +2 whip of Agony {heavy, Stlth+}
 32722 | Spider:4 | Entered Level 4 of the Spider Nest
 33513 | Spider:4 | Reached XP level 19. HP: 164/190 MP: 9/19
 33729 | Spider:4 | Got a gossamer rune of Zot
 34245 | D:13     | Noticed Azrael
 34255 | D:13     | Killed Azrael
 34274 | D:13     | Bought a scroll of fear for 64 gold pieces
 35091 | D:14     | Found a stormy altar of Qazlal.
 35483 | D:14     | Found a gate to the Vaults.
 35724 | D:15     | Entered Level 15 of the Dungeon
 36264 | D:15     | Found a staircase to the Depths.
 36723 | Vaults:4 | Identified the of Ruellin
 36723 | Elf:1    | Entered Level 1 of the Elven Halls
 36974 | Elf:1    | Noticed Nikola
 36985 | Elf:1    | Killed Nikola
 37494 | Elf:1    | Noticed Norris
 37506 | Elf:1    | Killed Norris
 37648 | Elf:1    | Found Kesiwyr's Book Emporium.
 38070 | Elf:2    | Noticed Louise
 38087 | Elf:2    | Killed Louise
 38531 | Elf:2    | Reached XP level 20. HP: 202/202 MP: 20/20
 38554 | Elf:2    | Found a runed translucent gate.
 38555 | Elf:2    | Found a runed translucent gate.
 38555 | Elf:2    | Found a runed translucent gate.
 38666 | Elf:2    | Found Egaliaz's Magic Scroll Shop.
 38674 | Elf:2    | Bought a scroll of brand weapon for 180 gold pieces
 38674 | Elf:2    | Bought a scroll of enchant weapon for 142 gold pieces
 39037 | Elf:2    | Noticed Agnes
 39051 | Elf:2    | Killed Agnes
 39767 | Vaults:1 | Entered Level 1 of the Vaults
 39767 | Vaults:1 | Noticed Zenata
 39776 | Vaults:1 | Killed Zenata
 39805 | Vaults:1 | Found a runed translucent gate.
 39805 | Vaults:1 | Found a runed translucent gate.
 39805 | Vaults:1 | Found a runed translucent gate.
 39805 | Vaults:1 | Noticed Ruxt's ghost (adept MiFi)
 41430 | Vaults:1 | Found a viscous altar of Jiyva.
 41598 | Vaults:2 | Reached XP level 21. HP: 180/212 MP: 21/21
 41813 | Vaults:2 | Found a staircase to the Crypt.
 41813 | Vaults:2 | Found an ancient bone altar of Kikubaaqudgha.
 41818 | Vaults:2 | Found a basalt altar of Yredelemnul.
 43708 | Vaults:3 | Found Gozag's Antique Weapon Boutique.
 43721 | Vaults:3 | Found an opulent altar of Gozag.
 43723 | Vaults:3 | Found Gozag's Assorted Antiques.
 43725 | Vaults:3 | Found Gozag's Assorted Antiques.
 44346 | Vaults:3 | Noticed Mennas
 44356 | Vaults:3 | Killed Mennas
 45355 | Vaults:4 | Reached XP level 22. HP: 201/224 MP: 22/22
 46333 | Vaults:4 | Noticed Boris
 46339 | Vaults:4 | Killed Boris
 46623 | Vaults:4 | Bought a potion of heal wounds for 195 gold pieces
 46623 | Vaults:4 | Bought a wand of mindburst (9) for 491 gold pieces
 46623 | Vaults:4 | Bought a wand of light (7) for 1146 gold pieces
 46694 | Vaults:5 | Entered Level 5 of the Vaults
 46700 | Vaults:4 | Reached skill level 1 in Evocations
 47323 | Vaults:4 | Reached skill level 5 in Evocations
 47989 | Vaults:5 | Noticed a golden dragon
 48002 | Vaults:5 | Killed a golden dragon
 48370 | Vaults:5 | Noticed an ancient lich
 48922 | Vaults:4 | Killed an ancient lich
 49425 | Vaults:5 | Identified the +8 short sword of Okawaru's Regard {drain,
                  | rF+}
 49628 | Vaults:5 | Noticed an ancient lich
 49634 | Vaults:5 | Killed an ancient lich
 49704 | Vaults:5 | Reached skill level 10 in Evocations
 50075 | Vaults:5 | Reached XP level 23. HP: 229/232 MP: 23/23
 50257 | Vaults:5 | Identified the +9 scimitar of the Ecumenical Temple {heavy,
                  | Str+6 Dex-5}
 51721 | Vaults:5 | Got a silver rune of Zot
 51855 | Vaults:5 | Noticed an ancient lich
 51870 | Vaults:5 | Killed an ancient lich
 52507 | Vaults:5 | Identified the staff of the Fulmar {rPois MP+9 Str+3
                  | Poison}
 53063 | Depths:1 | Entered Level 1 of the Depths
 53182 | Depths:1 | Noticed the Enchantress
 53188 | Depths:1 | Killed the Enchantress
 53286 | Depths:1 | Found a one-way gate to the infinite horrors of the Abyss.
 53312 | Depths:1 | Found a portal to a secret trove of treasure.
 53939 | Depths:1 | Found a one-way gate leading to the halls of Pandemonium.
 54228 | Depths:1 | Found a gateway to Hell.
 54425 | Depths:2 | Noticed Asterion
 54459 | Depths:2 | Noticed Boris
 54630 | Depths:2 | Killed Boris
 54683 | Depths:2 | Reached skill level 15 in Evocations
 55274 | Depths:2 | Found a one-way gateway to a ziggurat.
 55323 | Depths:2 | Identified the +5 double sword of the Forging Gods {vamp,
                  | rN++ Int+4 Dex-2}
 55324 | Depths:2 | Identified the +3 double sword "Killer Klown's Regret"
                  | {heavy, Will+ rCorr Int-2 Dex+3}
 55336 | Depths:2 | Reached XP level 24. HP: 188/240 MP: 23/23
 55605 | Depths:2 | Killed Asterion
 56140 | Depths:3 | Noticed a juggernaut
 56151 | Depths:3 | Killed a juggernaut
 56163 | Depths:3 | Identified the +3 chain mail "Obiy" {Fly Stlth+}
 57496 | Depths:3 | Noticed Parghit
 57510 | Depths:3 | Killed Parghit
 58035 | Depths:3 | Identified the +4 quarterstaff of an ossuary {holy, *Noise
                  | Int+4 Dex+4 Stlth+}
 58477 | Depths:3 | Bought a smoking cloak for 494 gold pieces
 58477 | Depths:3 | Identified the +1 cloak of Douwaero {rN++ Str+4 Int-4} (You
                  | bought it in a shop on level 3 of the Depths)
 58490 | Depths:4 | Entered Level 4 of the Depths
 59130 | Depths:4 | Found a gate to the Realm of Zot.
 59592 | Depths:4 | Found Pizeipur's Antique Armour Shop.
 59595 | Depths:4 | Found Ystrieple's Magic Scroll Boutique.
 59597 | Depths:4 | Found Xuseppuj's Magic Scroll Shop.
 59606 | Depths:4 | Reached XP level 25. HP: 226/247 MP: 23/23
 59622 | Depths:4 | Identified the +5 mace of Xom's Esteem {heavy, rC+ rCorr}
 59651 | Depths:4 | Bought a scroll of acquirement for 1040 gold pieces
 59651 | Depths:4 | Acquired 456 gold pieces
 60541 | Elf:3    | Identified the "Boxorues"
 60541 | Elf:3    | Identified the "Ufyat"
 60541 | Elf:3    | Identified the "Nout"
 60541 | Elf:3    | Identified the of Daamet
 60541 | Elf:3    | Identified the "Avipnat"
 60541 | Elf:3    | Entered Level 3 of the Elven Halls
 61238 | Elf:3    | Identified the +6 spear "Pendulum" {freeze, rPois}
 61448 | Elf:3    | Identified the +5 long sword "Wimaps Hass" {drain, Int+3
                  | Dex+3}
 61527 | Elf:3    | Paralysed by an air elemental for 1 turns
 62044 | Elf:3    | Identified the +3 robe "Nauhys" {rC++ MP+9 Dex+3 Archmagi}
 62074 | Elf:3    | Identified the +2 scale mail of the Fisher {rF+ Int+3}
 62103 | Elf:3    | Identified the +9 orcbow of the Hills {freeze, rElec rPois
                  | rF+}
 62481 | Hell     | Entered the Vestibule of Hell
 62481 | Hell     | Noticed Geryon
 63008 | Depths:4 | Bought glowing shadow dragon scales for 2241 gold pieces
 63082 | Hell     | Killed Geryon
 63083 | Hell     | Reached skill level 27 in Fighting
 63298 | Hell     | Found a gateway to the freezing wastes of Cocytus.
 63468 | Hell     | Found a gateway to the Iron City of Dis.
 63571 | Hell     | Found a gateway to the ashen valley of Gehenna.
 63888 | Hell     | Found a gateway to the decaying netherworld of Tartarus.
 64131 | Hell     | Reached XP level 26. HP: 263/266 MP: 23/23
 64385 | Depths:1 | Voluntarily entered the Abyss.
 64821 | Abyss:1  | Reached skill level 27 in Axes
 65340 | Abyss:1  | Paralysed by an air elemental for 1 turns
 65528 | Abyss:1  | Found an iron altar of Okawaru.
 65627 | Abyss:1  | Found an iron altar of Okawaru.
 65933 | Abyss:2  | Found a corrupted altar of Lugonu.
 65968 | Abyss:2  | Found a corrupted altar of Lugonu.
 65970 | Abyss:2  | Paralysed by accursed screaming for 2 turns
 66109 | Abyss:2  | Paralysed by accursed screaming for 1 turns
 66234 | Depths:1 | Escaped the Abyss
 66632 | Depths:1 | Voluntarily entered the Abyss.
 67020 | Depths:1 | Escaped the Abyss
 67179 | Depths:1 | Voluntarily entered the Abyss.
 67184 | Abyss:2  | Found a corrupted altar of Lugonu.
 67246 | Abyss:2  | Paralysed by accursed screaming for 1 turns
 67468 | Abyss:2  | Found a corrupted altar of Lugonu.
 67533 | Abyss:2  | Found a corrupted altar of Lugonu.
 68326 | Abyss:2  | Found a corrupted altar of Lugonu.
 68339 | Abyss:2  | Found a corrupted altar of Lugonu.
 68525 | Abyss:3  | Found a corrupted altar of Lugonu.
 68528 | Abyss:3  | Found a corrupted altar of Lugonu.
 68639 | Abyss:3  | Reached XP level 27. HP: 262/273 MP: 23/23
 68687 | Abyss:3  | Found a corrupted altar of Lugonu.
 69033 | Depths:1 | Escaped the Abyss
 69373 | Depths:1 | Voluntarily entered the Abyss.
 69373 | Abyss:3  | Identified the "Cazaedgh"
 69373 | Abyss:3  | Identified the "Tocziuw"
 69373 | Abyss:3  | Identified the of Gupa
 69373 | Abyss:3  | Identified the "Yboiget"
 69373 | Abyss:3  | Identified the "Vuesac"
 69373 | Abyss:3  | Identified the "Teczuis"
 69373 | Abyss:3  | Identified the of Otelutahe
 69373 | Abyss:3  | Identified the "Qaqaoc"
 69846 | Depths:1 | Escaped the Abyss
 69859 | Depths:1 | Voluntarily entered the Abyss.
 69862 | Abyss:3  | Found a corrupted altar of Lugonu.
 69870 | Abyss:3  | Found a corrupted altar of Lugonu.
 70200 | Abyss:3  | Found a corrupted altar of Lugonu.
 70227 | Abyss:3  | Reached skill level 27 in Armour
 70781 | Abyss:3  | Paralysed by you for 5 turns
 70938 | Abyss:3  | Paralysed by accursed screaming for 1 turns
 70949 | Abyss:3  | Paralysed by accursed screaming for 1 turns
 71435 | Abyss:3  | Gained mutation: Potions are less effective at restoring
                  | your health. [a neqoxec]
 71446 | Abyss:3  | Paralysed by accursed screaming for 2 turns
 71855 | Abyss:3  | Got an abyssal rune of Zot
 72393 | Depths:1 | Escaped the Abyss
 72833 | Depths:1 | Bought a scroll of blinking for 157 gold pieces
 72833 | Depths:1 | Bought a scroll of blinking for 157 gold pieces
 73106 | Shoals:1 | Bought a potion of heal wounds for 125 gold pieces
 73106 | Shoals:1 | Bought a condenser vane for 1000 gold pieces
 73106 | Shoals:1 | Bought a lightning rod (4/4) for 1000 gold pieces
 73395 | Vaults:1 | Killed Ruxt's ghost
 73658 | Depths:1 | Voluntarily entered the Abyss.
 73715 | Abyss:3  | Acquired 1034 gold pieces
 73774 | Abyss:3  | Found a corrupted altar of Lugonu.
 73807 | Abyss:3  | Found a corrupted altar of Lugonu.
 73808 | Abyss:3  | Gained mutation: You do not regenerate when monsters are
                  | visible. [a neqoxec]
 73848 | Abyss:3  | Found a corrupted altar of Lugonu.
 74012 | Abyss:3  | Found a corrupted altar of Lugonu.
 74057 | Abyss:3  | Found a corrupted altar of Lugonu.
 74067 | Abyss:3  | Gained mutation: Armour fits poorly on your strangely
                  | shaped body. [a neqoxec]
 74081 | Abyss:3  | Gained mutation: You occasionally lose the ability to read
                  | scrolls when taking damage. [a neqoxec]
 74085 | Abyss:3  | Gained mutation: Your muscles are strong. (Str +4, Int/Dex
                  | -1) [a neqoxec]
 74494 | Abyss:3  | Lost mutation: Your muscles are strong. (Str +4, Int/Dex
                  | -1) [a neqoxec]
 74497 | Abyss:3  | Gained mutation: You occasionally lose the ability to drink
                  | potions when taking damage. [a neqoxec]
 74515 | Depths:1 | Escaped the Abyss
 74666 | D:11     | Killed Gormless's ghost
 74883 | Zot:1    | Identified the of Veso
 74883 | Zot:1    | Entered Level 1 of the Realm of Zot
 75402 | Zot:1    | Identified the staff of Doom {Contam Str+6 Dex+4 Earth}
 75911 | Zot:2    | Reached skill level 27 in Shields
 75921 | Zot:2    | Reached skill level 1 in Stealth
 76147 | Zot:2    | Noticed an orb of fire
 76153 | Zot:2    | Gained mutation: You sometimes lose your temper in combat.
                  | [an orb of fire]
 76164 | Zot:2    | Killed an orb of fire
 76201 | Zot:2    | Noticed an orb of fire
 76432 | Zot:2    | Killed from afar by an orb of fire

Illustrated notes

Levels and vault maps discovered:
D:1:      eino_arrival_cavern_a, layout_basic, serial_shops, shop
D:2:      layout_basic
D:3:      layout_loops_ring
D:4:      layout_basic, hellmonk_ghost_happy_afterlife, dk_rats_in_the_wall
D:5:      layout_basic
D:6:      layout_loops_ring, temple_green, serial_shops, kennysheep_mini,
          lightli_sewer_entry_pipes, kennysheep_pointless_box, uniq_sigmund
D:7:      layout_loops_corners, grunt_temple_overflow_open
D:8:      layout_layer_cave, minmay_manual_macuahuitl, uniq_maggie
D:9:      layout_loops_ring
D:10:     layout_basic, grunt_lair_entry_orc_guard_hut
D:11:     layout_long_grid, gammafunk_ghost_wrathful_warriors
D:12:     layout_cave_pods, david_orc_3, nzn_wu_jian_council_hall
D:13:     layout_irregular_city, uniq_azrael
D:14:     layout_gridville, david_vaults_5, nicolae_qazlal_style_of_elements,
          roderic_serpentine_path
D:15:     grunt_enter_depths_giant_problem, layout_stronghold,
          chequers_serial_rivers_marsh
Temple:   minmay_temple_bridge_d
Lair:1:   layout_loops_ring, basic_altar, kennysheep_rathole,
          infiniplex_staircase_pool_2, grunt_megastairs_3, uniq_harold
Lair:2:   layout_regular_city, elwin_shoals_entry_rooms, gauntlet_entry_generic,
          nicolae_volcano_entry_lava_flow, serial_bayou_shore_a
Lair:3:   layout_regular_city, dummy_spider_entry, portal_ice_cave_rime,
          uniq_gastronok
Lair:4:   layout_gridlike
Lair:5:   due_jungle_book, layout_regular_city, nicolae_slime_entry_field_trip,
          lookout_lair_type, serial_bayou_pond_c, st_stairs_7,
          wad_woods_river_04
Shoals:1: layout_shoals, nicolae_shoals_flooded_hall, uniq_frances,
          uniq_roxanne, uniq_aizul
Shoals:2: layout_shoals
Shoals:3: layout_shoals, nicolae_shoals_mertower
Shoals:4: shoals_end_simple, layout_shoals
Spider:1: layout_spider_delve, nicolae_spider_orb_run
Spider:2: layout_spider_delve
Spider:3: layout_spider_delve, uniq_arachne, uniq_mlioglotl
Spider:4: spider_rune_water
Orc:1:    layout_diamond_mine, basic_altar, mines1_david, uniq_erica
Orc:2:    st_orc_congregation, layout_diamond_mine
Elf:1:    eino_elf_arrival_customs, layout_geoelf_octagon, serial_shops,
          nicolae_shop_trees, hangedman_elf_disciples, hangedman_glass_teeth,
          uniq_norris, uniq_nikola
Elf:2:    nicolae_elf_blades_crystal_corner, layout_loops_corners, serial_shops,
          shop, grunt_ministairs_15, uniq_agnes, uniq_louise
Elf:3:    grunt_elf_hall_branching, layout_geoelf_grid
Vaults:1: gammafunk_ghost_ooze, grunt_vaults_funnel, hangedman_vaults_hat,
          nicolae_vaults_closet_pinwheel_1, vaults_standard_mumra_lines,
          nicolae_vaults_hallways_thing, v_misc_29,
          nicolae_vaults_layer_cake_slice, hangedman_vaults_cutoff,
          nicolae_vaults_trapezoid_lopsided_2, vaults_dpeg_encased_lava,
          vaults_room_hallway, ontoclasm_vaults_misaligned, layout_vaults_ring,
          uniq_zenata
Vaults:2: minmay_crypt_entry_necro_gods, nicolae_vaults_storage_closets_1,
          v_misc_31, ontoclasm_vaults_ring_square, nicolae_vaults_double_plus_2,
          hangedman_vaults_stream, nicolae_vaults_offset_grid_hallway_1,
          nicolae_vaults_closet_pinwheel_4, nicolae_vaults_trapezoid_lopsided_3,
          v_rooms_6, nicolae_vaults_security_offices_3, nicolae_vaults_house_3,
          vaults_room_corners, nicolae_vaults_little_squares_6,
          layout_vaults_omnibox
Vaults:3: kennysheep_vaults_gozag_temple, ontoclasm_vaults_ring_large,
          nicolae_vaults_closet_pinwheel_1, nicolae_vaults_tangram_1,
          nicolae_vaults_disjoint_gnomons, vaults_dpeg_spiral,
          hangedman_vaults_unwind, nicolae_vaults_double_plus_1, v_misc_30,
          nicolae_vaults_offset_grid_hallway_1, v_rooms_1,
          nicolae_vaults_house_2, nicolae_vaults_weapon_check,
          nicolae_vaults_little_squares_6, layout_vaults_maze, uniq_mennas
Vaults:4: nicolae_vaults_thirteen_compartments, nicolae_vaults_network_star,
          v_misc_10, ontoclasm_vaults_tryst, nicolae_vaults_trapezoid_3,
          v_misc_11, nicolae_vaults_hexular_roomagon, nicolae_vaults_six-pack,
          vaults_room_hallway, nicolae_vaults_house_2, layout_vaults_big_cross,
          uniq_boris
Vaults:5
Depths:1: layout_long_grid, minmay_hedge_maze, grunt_pan_entry_in_and_out,
          grunt_hell_entry_dis_old, enter_trove_3, abyss_entry,
          nicolae_concentric_dashed_squares_wild, hex_tiny,
          kennysheep_generic_room_9, uniq_enchantress
Depths:2: minmay_blocking_statues, layout_gridlike, enter_ziggurat_e,
          grunt_pan_entry_zigzag, pf_hell_entry_tar_spiral,
          nicolae_rock_paper_scissors, uniq_asterion
Depths:3: minmay_the_grid_square_5x5_4x4 [minmay_the_grid_square_5x5_lines,
          minmay_the_grid_square_5x5_forky, minmay_the_grid_square_5x5_meh,
          minmay_the_grid_square_5x5_three_walls,
          minmay_the_grid_square_5x5_doubleslash,
          minmay_the_grid_square_5x5_prize_monsterx,
          minmay_the_grid_square_5x5_prize_itemx,
          minmay_the_grid_square_5x5_eight_small,
          minmay_the_grid_square_5x5_two_walls_b,
          minmay_the_grid_square_5x5_prize_rear_guard,
          minmay_the_grid_square_5x5_prize_pseudospiral,
          minmay_the_grid_square_5x5_slash, minmay_the_grid_square_5x5_fat_x,
          minmay_the_grid_square_5x5_detours,
          minmay_the_grid_square_5x5_one_wall, minmay_the_grid_square_5x5_plus],
          layout_gridlike, hangedman_abyss_entry_splay, hell_entry,
          lemuel_old_faithful, serial_bayou_shore_b, uniq_parghit
Depths:4: grunt_crosshair, layout_twisted_cross, rand_demon_pan_entry_3,
          hell_entry, hangedman_decor_peaks_small, minmay_shop_star
Hell
Zot:1:    layout_misc_corridors, st_small_dragon_hoard_4
Zot:2:    layout_cathedral_of_symmetry, uniq_tiamat

Skill      XL: |  1  2  3  4  5  6  7  8  9 10 11 12 13 14 15 16 17 18 19 20 21 22 23 24 25 26 27 |
---------------+----------------------------------------------------------------------------------+-----
Axes           | 3 4 5 6 7 9 11 12 14 15 17 18 19 20 21 23 24 25 26 27 | 27.0
Fighting       | 4 5 6 7 9 10 11 13 14 15 17 19 21 22 23 24 27 | 27.0
Armour         | 4 5 6 8 9 10 12 13 14 15 16 18 19 20 21 24 27 | 27.0
Shields        | 4 5 6 8 9 10 12 13 14 15 16 17 18 19 20 21 27 | 27.0
Evocations     | 11 16 20 21 | 21.4
Stealth        | 4 |  4.0

Action                     |  1- 3 |  4- 6 |  7- 9 | 10-12 | 13-15 | 16-18 | 19-21 | 22-24 | 25-27 || total
---------------------------+-------+-------+-------+-------+-------+-------+-------+-------+-------++-------
  Melee: War axe           |    99 |   115 |   248 |   265 |       |       |       |       |    35 ||   762
         Broad axe         |       |       |       |   208 |   570 |   454 |   699 |   817 |  1840 ||  4588
         Scimitar          |       |       |       |       |    13 |       |     6 |       |       ||    19
         Flail             |       |       |       |       |    26 |       |       |       |       ||    26
         Unarmed           |       |       |       |       |       |       |       |       |     3 ||     3
 Invoke: Call Merchant     |       |       |       |     3 |     1 |     1 |     2 |     4 |     3 ||    14
  Evoke: Wand              |       |       |       |     8 |     9 |       |       |     4 |     2 ||    23
         Box of beasts     |       |       |       |       |       |     1 |       |       |     1 ||     2
         Phantom mirror    |       |       |       |       |       |     1 |       |       |       ||     1
         Horn of Geryon    |       |       |       |       |       |       |       |       |     3 ||     3
    Use: Scroll            |       |    14 |     4 |     8 |    14 |     5 |     9 |     9 |     3 ||    66
         Potion            |       |       |     5 |       |     2 |     1 |     1 |       |     5 ||    14
   Stab: Invisible         |       |       |     1 |       |       |       |       |       |       ||     1
         Distracted        |       |       |       |     6 |    15 |    12 |    14 |    19 |    62 ||   128
         Petrified         |       |       |       |       |     2 |       |       |       |       ||     2
         Confused          |       |       |       |       |       |       |       |       |     2 ||     2
         Sleeping          |       |       |       |       |       |       |       |       |     1 ||     1
 Armour: Scale mail        |    44 |       |       |       |       |       |       |       |       ||    44
         Chain mail        |    25 |    95 |   297 |   343 |    63 |       |       |       |       ||   823
         Plate armour      |       |       |       |       |   440 |   292 |   319 |   410 |       ||  1461
         Gold dragon scale |       |       |       |       |       |       |       |    81 |   833 ||   914
         Shadow dragon sca |       |       |       |       |       |       |       |       |    29 ||    29
  Dodge: Dodged            |    42 |    31 |   131 |   158 |   158 |   141 |   153 |   188 |   430 ||  1432
  Block: Buckler           |    15 |    35 |    67 |   113 |   242 |   271 |   359 |   455 |  1057 ||  2614
         Reflection        |       |       |       |       |    22 |    24 |    99 |    96 |   129 ||   370
         Other             |       |       |       |       |       |       |       |       |     2 ||     2

Table legend: (Time is in decaauts)
 A = Elapsed time spent in this place.
 B = Non-inter-level travel time spent in this place.
 C = Inter-level travel time spent in this place.
 D = Time resting spent in this place.
 E = Time spent auto-exploring this place.
 F = Levels seen in this place.
 G = Mean time per level.
                   A        B        C        D        E       F      G
               +--------+--------+--------+--------+--------+-----+--------+
         Total |  75572 |  69597 |   5975 |  14520 |  38756 |  55 | 1374.0 |
       Dungeon |  18275 |  15914 |   2361 |   2879 |  10730 |  15 | 1218.3 |
        Temple |    277 |      2 |    275 |      0 |      0 |   1 |  277.0 |
          Lair |   6450 |   5701 |    749 |    673 |   3697 |   5 | 1290.0 |
        Shoals |   3991 |   3778 |    213 |      9 |   2766 |   4 |  997.8 |
   Spider Nest |   4301 |   4206 |     95 |    441 |   3030 |   4 | 1075.2 |
  Orcish Mines |   4440 |   3722 |    718 |   1680 |   1229 |   2 | 2220.0 |
   Elven Halls |   4607 |   4296 |    311 |    436 |   2923 |   3 | 1535.7 |
        Vaults |  13227 |  12653 |    574 |   4018 |   6701 |   5 | 2645.4 |
        Depths |   9405 |   8752 |    653 |   3040 |   4349 |   4 | 2351.2 |
          Hell |   1109 |   1100 |      9 |      0 |    764 |   1 | 1109.0 |
           Zot |   1537 |   1526 |     11 |    477 |    598 |   2 |  768.5 |
         Abyss |   7537 |   7537 |      0 |    805 |   1795 |   8 |  942.1 |
       Volcano |    411 |    411 |      0 |     61 |    174 |   1 |  411.0 |
               +--------+--------+--------+--------+--------+-----+--------+

Top non-repeatable levels by time:
Vaults:4: 5774 daAuts
 Abyss:3: 4130 daAuts
Depths:1: 3423 daAuts
   Orc:1: 2501 daAuts
Depths:2: 2381 daAuts
Vaults:3: 2299 daAuts
Vaults:5: 2155 daAuts
 Abyss:2: 2143 daAuts
Depths:4: 1999 daAuts
   Elf:2: 1948 daAuts
   Orc:2: 1938 daAuts
  Lair:5: 1898 daAuts
Vaults:1: 1839 daAuts
     D:5: 1798 daAuts
     D:8: 1752 daAuts
